 Dungeon Crawl Stone Soup version 0.28.0-53-g5a82cb258f (webtiles) character file.

Game seed: 13572538385600050242

1561 buhh the Changer (level 8, -3/57 HPs)
             Began as an Octopode Transmuter on June 17, 2022.
             Slain by a water moccasin (9 damage)
             ... on level 8 of the Dungeon.
             The game lasted 00:23:14 (9186 turns).

buhh the Changer (Octopode Transmuter)              Turns: 9186, Time: 00:23:14

Health: -3/57      AC:  1    Str: 10    XL:     8   Next: 89%
Magic:  11/11      EV: 13    Int: 17    God:
Gold:   238        SH:  0    Dex: 12    Spells: 3/11 levels left

rFire   . . .      SeeInvis .     - Unarmed
rCold   . . .      Faith    .   (no shield)
rNeg    . . .      Spirit   .   (helmet restricted)
rPois   .          Reflect  .   o - amulet of magic regeneration
rElec   .          Harm     .   (no ring)
rCorr   .          Rampage  .   (no ring)
Will    .....                   (no ring)
Stlth   +++.......              (no ring)
HPRegen 0.19/turn               (no ring)
MPRegen 0.52/turn               (no ring)
                                (no ring)
                                (no ring)

@: hasted, very quick
A: almost no armour, amphibious, 8 rings, camouflage 1, gelatinous body 1,
(nimble swimmer 1), tentacles
a: no special abilities


You were on level 8 of the Dungeon.
You visited 2 branches of the dungeon, and saw 9 of its levels.

You collected 238 gold pieces.

Inventory:

Missiles
 h - a curare-tipped dart
 m - 8 poisoned darts
Jewellery
 o - an amulet of magic regeneration (around mantle)
Scrolls
 a - 3 scrolls of noise
 c - a scroll of magic mapping {unknown}
 d - a scroll of blinking {unknown}
 t - a scroll of teleportation {!d}
 T - 3 scrolls of immolation {!d}
Potions
 b - a potion of berserk rage {unknown}
 e - a potion of degeneration {unknown}
 n - a potion of might {unknown}
 O - a potion of haste {!q!d}


   Skills:
 - Level 6.0 Fighting
 - Level 2.0 Dodging
 - Level 1.0 Stealth
 - Level 3.0 Unarmed Combat
 - Level 2.0 Spellcasting
 + Level 7.6 Transmutations
 * Level 4.9 Ice Magic


You had 3 spell levels left.
You knew the following spells:

 Your Spells              Type           Power      Damage    Failure   Level
a - Beastly Appendage     Tmut           54%        N/A       1%          1
b - Wereblood             Tmut           27%        N/A       1%          2
c - Blink                 Tloc           2%         N/A       28%         2
d - Spider Form           Tmut/Pois      14%        N/A       12%         3

Your spell library contained the following spells:

 Spells                   Type           Power      Damage    Failure   Level
 Ozocubu's Armour         Ice            18%        N/A       8%          3
 Ice Form                 Ice/Tmut       23%        N/A       14%         4
 Metabolic Englaciation   Hex/Ice        5%         N/A       89%         5
 Manifold Assault         Tloc           1%         N/A       99%         5
 Simulacrum               Ice/Necr       5%         N/A       100%        6
 Storm Form               Tmut/Air       7%         N/A       100%        7


Dungeon Overview and Level Annotations

Branches:
Dungeon (8/15)             Temple (1/1) D:5            Lair (0/6) D:8

Altars:
Ashenzari
Cheibriados
Dithmenos
Fedhas
Kikubaaqudgha
Makhleb
Nemelex Xobeh
Qazlal
Ru
Sif Muna
Uskayaw
Xom
Yredelemnul
Zin

Shops:
D:7 :

Annotations:
D:6 exclusions: hound, wraith and 3 yaks, Edmund


Innate Abilities, Weirdness & Mutations

You cannot wear most types of armour.
You are amphibious.
You can wear up to eight rings at the same time.
Your skin changes colour to match your surroundings (Stealth+).
Your rubbery body absorbs attacks. (AC +1, EV +1)
((You are camouflaged when in or above water. (Stealth+)))
You have tentacles for arms and can constrict up to eight enemies at once.


Message History

Found a staircase to the Lair.
There is a stone staircase leading up here.
Really quaff
M - a potion of heal wounds {!q!d}?
You feel much better.
You feel very sick. The water moccasin barely misses you.
The water moccasin closely misses you.
Throw: 9 darts (poison)
Press: ? - help, Q - select action, (/) - cycle Shift-Dir - straight line, f - water moccasin
Aim: a water moccasin (42% to hit)
You throw a poisoned dart.
The poisoned dart hits the water moccasin.
You feel sick. The water moccasin bites you!
You are more poisoned.
The water moccasin poisons you!
Casting: Blink (dangerous; 28% risk of failure)
Press: ? - help, Q - select action, (/) - cycle Dir - look around, f - activate You blink.
* * * LOW HITPOINT WARNING * * *
You feel very sick.
Really quaff
N - 2 potions of curing {!q!d}?
You feel better. The water moccasin bites you.
* * * LOW HITPOINT WARNING * * *
The water moccasin bites you.
* * * LOW HITPOINT WARNING * * *
You are lethally poisoned!
The water moccasin poisons you!
Really quaff
O - 2 potions of haste {!q!d}?
You feel yourself speed up.
* * * LOW HITPOINT WARNING * * *
You feel very sick. The water moccasin bites you.
* * * LOW HITPOINT WARNING * * *
You are more poisoned.
The water moccasin poisons you!
Really quaff
N - a potion of curing {!q!d}?
You feel better. The water moccasin bites you!
* * * LOW HITPOINT WARNING * * *
You feel stable enough to blink again. The water moccasin bites you!
You die...

#.##...##.#
#....P....# #.
#≈..P>P..≈# #. #
#....PPP..#.. #.
#.##P..##.#.# #
#.##..#...#..#.#.##
#...#...≈...#......
#......###.....#.##
###.....(....S@.....#
.......<..............
###.....#.#######.....
#..#.##.# .##. #.##. #
# #. .. ##. #. #.


You could see a water moccasin.

Vanquished Creatures
  Eustachio (D:6)
  A water moccasin (D:5)
  A black bear (D:6)
  3 ogres
  2 centaurs (D:5)
  2 scorpions (D:5)
  5 howler monkeys
  A bullfrog zombie (D:5)
  A centaur zombie (D:5)
  A jelly (D:2)
  An orc priest (D:4)
  A hound (D:7)
  An iguana (D:4)
  3 orc wizards (D:6)
  A killer bee zombie (D:6)
  8 gnolls (D:6)
  5 adders
  A white imp (D:6)
  2 adder skeletons (D:4)
  4 worms
  A dart slug (D:1)
  6 orcs
  9 ball pythons
  16 endoplasms
  3 giant cockroaches
  9 goblins
  6 hobgoblins
  5 kobolds
  5 quokkas
  2 bats
  3 frilled lizards
  10 rats
120 creatures vanquished.

Vanquished Creatures (others)
  An orc wizard (D:6)
  11 plants (D:5)
12 creatures vanquished.

Grand Total: 132 creatures vanquished

Notes
Turn   | Place    | Note
-------+----------+-------------------------------------------
     0 | D:1      | buhh the Octopode Transmuter began the quest for the Orb.
     0 | D:1      | Reached XP level 1. HP: 13/13 MP: 3/3
   250 | D:1      | Reached XP level 2. HP: 7/19 MP: 3/5
   650 | D:1      | Found a faded altar of an unknown god.
   905 | D:1      | Reached XP level 3. HP: 25/25 MP: 4/6
   950 | D:1      | Learned a level 2 spell: Wereblood
  1999 | D:2      | Reached XP level 4. HP: 15/33 MP: 7/7
  3536 | D:3      | Reached XP level 5. HP: 38/38 MP: 6/8
  3926 | D:3      | Learned a level 2 spell: Blink
  4911 | D:4      | Noticed an ogre
  5142 | D:4      | Learned a level 3 spell: Spider Form
  5213 | D:4      | Killed an ogre
  5214 | D:4      | Reached skill level 3 in Transmutations
  5214 | D:4      | Reached XP level 6. HP: 46/46 MP: 6/9
  5250 | D:5      | Entered Level 5 of the Dungeon
  5561 | D:5      | Reached skill level 4 in Transmutations
  5561 | D:5      | Reached XP level 7. HP: 43/52 MP: 10/10
  5852 | D:5      | Reached skill level 5 in Transmutations
  6326 | D:5      | Reached skill level 6 in Transmutations
  6374 | D:5      | Reached XP level 8. HP: 16/57 MP: 11/11
  6600 | D:5      | Found a staircase to the Ecumenical Temple.
  6785 | Temple   | Entered the Ecumenical Temple
  7457 | D:6      | Noticed a yak
  7457 | D:6      | Noticed a yak
  7457 | D:6      | Noticed a yak
  7463 | D:6      | Noticed a wraith
  7517 | D:6      | Noticed Eustachio
  7693 | D:6      | Noticed Edmund
  7991 | D:6      | Reached skill level 7 in Transmutations
  8783 | D:6      | Killed Eustachio
  9034 | D:7      | Found Hiomoh's Book Boutique.
  9175 | D:8      | Found a staircase to the Lair.
  9186 | D:8      | Slain by a water moccasin

Illustrated notes

Levels and vault maps discovered:
D:1:      saegor_arrival_miasma, layout_loops_ring,
          dreamdust_ecumenical_altar_statues
D:2:      layout_loops_corners, minmay_3d_cube
D:3:      layout_basic, portal_sewer_entry_d
D:4:      layout_rooms
D:5:      layout_basic, minmay_temple_entry_enclosed_plants
D:6:      layout_loops_ring, uniq_edmund, uniq_eustachio
D:7:      layout_loops_ring, serial_shops, shop, kennysheep_cluttered_room
D:8:      layout_loops_corners, dpeg_oklobed_lair, uniq_gastronok
Temple:   nicolae_temple_the_god_donut

Skill      XL: |  1  2  3  4  5  6  7  8 |
---------------+-------------------------+-----
Stealth        | 1 |  1.0
Fighting       | 2 3 4 5 6 |  6.0
Transmutations | 3 4 6 7 |  7.6
Ice Magic      | 4 |  4.9
Dodging        | |  2.0
Unarmed Combat | |  3.0
Spellcasting   | |  2.0

Action                   |  1- 3 |  4- 6 |  7- 9 || total
-------------------------+-------+-------+-------++-------
Melee: Unarmed           |    79 |   104 |   161 ||   344
       Kick              |    26 |    32 |    21 ||    79
       Constrict         |    21 |    24 |     8 ||    53
       Tentacles         |    13 |    32 |    19 ||    64
       Punch             |       |     3 |       ||     3
Throw: Dart              |     5 |     5 |     9 ||    19
       Throwing net      |       |       |     1 ||     1
 Cast: Beastly Appendage |    30 |    31 |    13 ||    74
       Blink             |       |     1 |     1 ||     2
       Spider Form       |       |       |     7 ||     7
  Use: Scroll            |       |     9 |     4 ||    13
       Potion            |       |       |     7 ||     7
 Stab: Sleeping          |    10 |     8 |     1 ||    19
       Held in net/web   |       |       |     1 ||     1
Armor: Skin              |     6 |     3 |    14 ||    23
Dodge: Dodged            |    48 |    54 |   126 ||   228
